 Dungeon Crawl Stone Soup version 0.30-a0-12-gd8047c6341 (webtiles) character file.

Game seed: 6671278283050890358

76 greasedhog the Shooter (level 4, -1/28 HPs)
             Began as a Gargoyle Wanderer on Aug 24, 2022.
             Killed by divine providence
             ... invoked by an orc priest
              (16 damage)
             ... on level 3 of the Dungeon.
             The game lasted 00:02:29 (2366 turns).

greasedhog the Shooter (Gargoyle Wanderer)          Turns: 2366, Time: 00:02:31

Health: -1/28      AC: 12    Str: 18    XL:     4   Next: 32%
Magic:  6/7        EV:  9    Int: 13    God:
Gold:   128        SH:  0    Dex:  8    Spells: 6/7 levels left

rFire   . . .      SeeInvis .    a - +2 sling
rCold   + . .      Faith    .    (no shield)
rNeg    + . .      Spirit   .    f - +2 scale mail {rC+}
rPois   ∞          Reflect  .    (no helmet)
rElec   +          Harm     .    (no cloak)
rCorr   .          Rampage  .    (no gloves)
Will    .....                    (no boots)
Stlth   ..........               (no amulet)
HPRegen 0.09/turn                (no ring)
MPRegen 0.10/turn                (no ring)

@: no status effects
A: sickness immunity, AC +3, negative energy resistance 1, electricity
resistance, torment resistance 1, petrification resistance, sense surroundings 1
a: no special abilities


You were on level 3 of the Dungeon.
You visited 1 branch of the dungeon, and saw 3 of its levels.

You collected 128 gold pieces.

Inventory:

Hand Weapons
 a - a +2 sling (weapon)
Armour
 f - a +2 scale mail of cold resistance (worn)
Scrolls
 c - a scroll of blinking
 d - a scroll of enchant armour
 i - a scroll of summoning {unknown}
 j - 2 scrolls of fear {unknown}
Potions
 b - a potion of cancellation {unknown}
 e - 2 potions of mutation
 g - 2 potions of attraction {unknown}
 h - a potion of curing {unknown}


   Skills:
 * Level 3.1 Fighting
 * Level 4.9 Ranged Weapons
 - Level 2.1 Armour
 - Level 2.0 Spellcasting
 - Level 1.0 Poison Magic


You had 6 spell levels left.
You knew the following spells:

 Your Spells              Type           Power      Damage    Failure   Level
a - Sting                 Tmut/Pois      8%         1d3       54%         1

Your spell library contained the following spells:

 Spells                   Type           Power      Damage    Failure   Level
 Apportation              Tloc           2%         N/A       63%         1
 Necrotise                Necr           4%         1d4       63%         1
 Summon Small Mammal      Summ           4%         N/A       63%         1
 Wereblood                Tmut           1%         N/A       77%         2
 Mephitic Cloud           Conj/Pois/Air  2%         N/A       91%         3
 Summon Hydra             Summ           0%         N/A       100%        7
 Sublimation of Blood     Necr           Unusable   N/A       N/A         2

Dungeon Overview and Level Annotations

Branches:
Dungeon (3/15)

Altars:

Annotations:
D:2 1 runed translucent door, Crazy Yiuf


Innate Abilities, Weirdness & Mutations

You are immune to sickness and miasma.
Your stone body is resilient. (AC +3)
You are immune to poison.
You resist negative energy. (rN+)
You are resistant to electric shocks. (rElec)
You are resistant to unholy torment.
You are immune to petrification.
You passively map a small area around you.


Message History

No target in view!
No target in view!
No target in view!
No target in view!
No target in view!
No target in view!
No target in view!
No target in view!
No target in view!
No target in view!
An orc priest comes into view. It is wielding a +0 whip.
An orc priest is nearby!
An orc priest is nearby!
You shoot a sling bullet. The orc priest shouts!
The sling bullet hits the orc priest.
The orc priest is lightly wounded.
The orc priest calls down the wrath of Beogh upon you.
Beogh smites you!
You hear a shout!
You are too injured to fight recklessly!
Aiming: Sting (safe; 54% risk of failure)
Press: ? - help, Q - select action, (/) - cycle Shift-Dir - straight line, f - you, p - orc priest That beam is likely to hit you.
Continue anyway?
Okay, then.
You start resting.
An orc priest is nearby!
Aiming: Sting (safe; 54% risk of failure)
Press: ? - help, Q - select action, (/) - cycle Shift-Dir - straight line, f - orc priest
Aim: an orc priest, wielding a +0 whip and wearing a +0 leather armour (lightly wounded, 64% to hit)
The sting hits the orc priest.
The orc priest is poisoned.
The orc priest is moderately wounded.
You shoot a sling bullet. The sling bullet hits the orc priest.
The orc priest is severely wounded.
You hear a shout!
The orc priest hits you but does no damage.
The orc priest calls down the wrath of Beogh upon you.
Beogh smites you!
Ouch! That really hurt!
You die...

************
*,,,,,,,,..#########
*,*******#......@o.# ,,,*
**#########.# ,*,***
*,,.........##############
,*,,,*
*,*########.>#............
****,***,*
##.#..###########
,*,,,,**,* #...#.#.## #
,*,**,**,* ##.....#.## #
,,,**,**,*
##o...###.#######
,***,,,,,** ##.#..##
##.......


You could see an orc priest (poisoned).

Vanquished Creatures
  3 adders
  4 dart slugs
  An orc (D:2)
  7 endoplasms
  6 giant cockroaches
  A goblin (D:1)
  A hobgoblin (D:1)
  2 kobolds (D:3)
  2 quokkas (D:1)
  3 ball pythons
  3 bats
  4 rats
37 creatures vanquished.

Notes
Turn   | Place    | Note
-------+----------+-------------------------------------------
     0 | D:1      | greasedhog the Gargoyle Wanderer began the quest for the
                  | Orb.
     0 | D:1      | greasedhog set off with the following items: a +2 sling, a
                  | +0 scale mail, a scroll of blinking; and the following
                  | spell memorised: Sting; and the following spells available
                  | to memorise: Mephitic Cloud.
     0 | D:1      | Reached XP level 1. HP: 12/12 MP: 3/3
   177 | D:1      | Reached XP level 2. HP: 17/17 MP: 5/5
   674 | D:1      | Found a faded altar of an unknown god.
   843 | D:1      | Reached XP level 3. HP: 21/21 MP: 6/6
  1459 | D:2      | Found a runed translucent door.
  1460 | D:2      | Noticed Crazy Yiuf
  1837 | D:3      | Gained mutation: You passively map a small area around you.
                  | [potion of mutation]
  1847 | D:3      | Reached XP level 4. HP: 23/28 MP: 7/7
  2366 | D:3      | Killed from afar by an orc priest

Illustrated notes

Levels and vault maps discovered:
D:1:      spicycebolla_green_bress_n_ham, layout_loops_ring,
          dreamdust_ecumenical_altar_angels_and_demons
D:2:      layout_loops_ring, minivault_11, uniq_crazy_yiuf_cottage
D:3:      layout_loops_ring, serial_glass, glass_columns_a, glass_columns_a,
          minivault_5, uniq_sigmund

Skill      XL: |  1  2  3 |
---------------+----------+-----
Fighting       | 2 3 |  3.1
Ranged Weapons | |  4.9
Armour         | |  2.1
Spellcasting   | |  2.0
Poison Magic   | |  1.0

Action                   |  1- 3 |  4- 6 || total
-------------------------+-------+-------++-------
 Fire: Sling             |   111 |    42 ||   153
 Cast: Sting             |       |     1 ||     1
  Use: Scroll            |     5 |       ||     5
       Potion            |     1 |       ||     1
Armor: Scale mail        |    52 |    27 ||    79
Dodge: Dodged            |    41 |    17 ||    58

Table legend: (Time is in decaauts)
 A = Elapsed time spent in this place.
 B = Non-inter-level travel time spent in this place.
 C = Inter-level travel time spent in this place.
 D = Time resting spent in this place.
 E = Time spent auto-exploring this place.
 F = Levels seen in this place.
 G = Mean time per level.
                   A        B        C        D        E       F      G
               +--------+--------+--------+--------+--------+-----+--------+
         Total |   2419 |   2306 |    113 |      6 |   1958 |   3 |  806.3 |
       Dungeon |   2419 |   2306 |    113 |      6 |   1958 |   3 |  806.3 |
               +--------+--------+--------+--------+--------+-----+--------+

Top non-repeatable levels by time:
     D:2: 1018 daAuts
     D:1: 908 daAuts
     D:3: 492 daAuts
